 Dungeon Crawl Stone Soup version 0.31.0-11-ge490571c62 (webtiles) character file.

Game seed: 1003127582648002255

69 qw the Shooter (level 4, 0/22 HPs)
             Began as a Spriggan Hunter on Feb 4, 2024.
             Succumbed to their own poison gas
             ... on level 2 of the Dungeon.
             The game lasted 00:00:05 (1689 turns).

qw the Shooter (Spriggan Hunter)                    Turns: 1689, Time: 00:00:05

Health: 0/22       AC:  2    Str:  7    XL:     4   Next: 2%
Magic:  5/5        EV: 19    Int: 10    God:
Gold:   137        SH:  0    Dex: 20    Spells: 3/3 levels left

rFire   . . .        a - +0 shortbow
rCold   . . .        (shield currently unavailable)
rNeg    . . .        c - +0 robe
rPois   .            (helmet restricted)
rElec   .            (no cloak)
rCorr   .            (gloves unavailable)
SInv    +            (boots unavailable)
Will    .....        (no amulet)
Stlth   ++           (no ring)
HPRegen 0.23/turn    (no ring)
MPRegen 0.09/turn

%: no passive effects
@: lethally poisoned (0 -> -5), very quick
A: very small, no large weapons, unfitting armour, see invisible, speed 3
a: no special abilities


You were on level 2 of the Dungeon.
You visited 1 branch of the dungeon, and saw 3 of its levels.

You collected 137 gold pieces.


Innate Abilities, Weirdness & Mutations

You are very small and have problems with some larger weapons.
You are too small for most types of armour.
You have supernaturally acute eyesight. (SInv)
You cover ground extremely quickly. (Speed+++)


   Skills:
 - Level 1.5 Fighting
 - Level 5.0 Ranged Weapons
 + Level 4.1 Dodging
 - Level 1.5 Stealth


You had 3 spell levels left.
You didn't know any spells.
Your spell library was empty.

Inventory:

Hand Weapons
 a - a +0 shortbow (weapon)
Armour
 c - a +0 robe (worn)
Scrolls
 d - 2 scrolls of enchant armour
 h - 2 scrolls of teleportation
Potions
 b - a potion of enlightenment
 e - a potion of heal wounds
 f - a potion of ambrosia {unknown}
 j - a potion of curing {unknown}

Dungeon Overview and Level Annotations

Branches:
Dungeon (3/15)

Altars:

Annotations:
D:1 1 transporter


Message History

Moving in this stuff is going to be slow.
There is an open door here.
Done exploring.
1676 ||| READING scroll labelled IRI USIROVALAE.
As you read the scroll labelled IRI USIROVALAE, it crumbles to dust.
It is a scroll of identify.
1676 ||| IDENTIFYING cyan potion;
b - a potion of enlightenment
1677 ||| READING 3 scrolls labelled TOLEDO BATEUMA.
As you read the scroll labelled TOLEDO BATEUMA, it crumbles to dust.
You feel strangely unstable.
It was a scroll of teleportation.
You start waiting.
Your surroundings suddenly seem different.
1680 ||| READING scroll labelled MEHOYLI NIORCH.
As you read the scroll labelled MEHOYLI NIORCH, it crumbles to dust.
You assume a fearsome visage.
Nothing appears to happen.
It was a scroll of fear.
1681 ||| READING scroll labelled YDOAPLACIM.
The air fills with toxic fumes!
As you read the scroll labelled YDOAPLACIM, it crumbles to dust.
It was a scroll of poison.
Enter note:
Enter note:
Enter note:
Enter note: You are engulfed in poison gas.
You are poisoned.
You feel very sick.
1683 ||| Stepping ~*~*~tactically~*~*~ (cloud).
You feel sick.
There is a lethal amount of poison in your body!
You feel very sick.
There is a lethal amount of poison in your body!
You feel very sick.
There is a lethal amount of poison in your body!
You feel sick.
There is a lethal amount of poison in your body!
You feel sick.
There is a lethal amount of poison in your body!
You feel sick.
There is a lethal amount of poison in your body!
You die...

#####~~~~~....#......######### #.
#~~~~~..#.#...¤¤0# #.....# #.
##~~~¤<.#.#..¤0¤¤###.....###.
#~~~0¤.#....¤0¤¤.#......'...
#~~~0¤0#####¤¤0..#......####
#####~~0¤¤0¤00¤0¤...#..........
###..88~~¤00880¤¤¤###.#.#####.###
.........¤0¤¤00¤¤¤# #.#.# #.#
.#.......¤¤¤0¤¤¤@¤# #.#.#####.#
.##..88~~¤¤088¤¤00# #.#.......#
.#####..~¤¤00###¤¤###'##....###
.#####..~0¤0~# #¤¤##........#
.........¤~~~###0¤##........#
.#####...~~~~~##¤¤##.....#### .#
#...~~~~~##00###'#### .#
#....~~~~##..# #.######
.#####....~~~~##..# #......######


There were no monsters in sight!

Vanquished Creatures
  2 adders (D:2)
  A ribbon worm (D:2)
  6 ball pythons
  6 bats
  8 endoplasms
  8 hobgoblins
  3 jackals (D:1)
  3 quokkas
  A frilled lizard (D:2)
  A goblin (D:2)
  4 kobolds (D:1)
  A rat (D:1)
44 creatures vanquished.

Notes
Turn   | Place    | Note
-------+----------+-------------------------------------------
     0 | D:1      | qw the Spriggan Hunter began the quest for the Orb.
     0 | D:1      | Reached XP level 1. HP: 10/10 MP: 2/2
     0 | D:1      | 0 ||| qw: Version: 0.3-a-160-g6735b56
     0 | D:1      | 0 ||| qw: Game counter: 4338
     0 | D:1      | 0 ||| qw: Melee chars always use a shield: true
     0 | D:1      | 0 ||| qw: God list: Okawaru
     0 | D:1      | 0 ||| qw: Allow faded altars: false
     0 | D:1      | 0 ||| qw: Do Orc after clearing Dungeon:15 true
     0 | D:1      | 0 ||| qw: Do second Lair branch before Depths: true
     0 | D:1      | 0 ||| qw: Lair rune preference: random
     0 | D:1      | 0 ||| qw: Goals: Normal
     0 | D:1      | 0 ||| PLANNING D:1-11
    74 | D:1      | Reached skill level 3 in Dodging
   125 | D:1      | Reached XP level 2. HP: 14/14 MP: 3/3
   515 | D:1      | Reached XP level 3. HP: 18/18 MP: 4/4
   757 | D:1      | 757 ||| READING 3 scrolls labelled LEAX KALE KEA.
   757 | D:1      | 757 ||| ENCHANTING +0 shortbow.
   758 | D:1      | 758 ||| DRINKING 2 smoky golden potions.
   759 | D:1      | 759 ||| DROPPING scroll of butterflies.
   845 | D:2      | You fall into a shaft and drop 1 floor!
   846 | D:3      | 846 ||| READING scroll labelled MOAMOKOLEW.
  1268 | D:2      | Reached skill level 5 in Ranged Weapons
  1608 | D:2      | Reached XP level 4. HP: 22/22 MP: 5/5
  1676 | D:2      | 1676 ||| READING scroll labelled IRI USIROVALAE.
  1676 | D:2      | 1676 ||| IDENTIFYING cyan potion
  1677 | D:2      | 1677 ||| READING 3 scrolls labelled TOLEDO BATEUMA.
  1680 | D:2      | 1680 ||| READING scroll labelled MEHOYLI NIORCH.
  1681 | D:2      | 1681 ||| READING scroll labelled YDOAPLACIM.
  1683 | D:2      | 1683 ||| Stepping ~*~*~tactically~*~*~ (cloud).
  1686 | D:2      | HP: 4/22 [poisoned by you (poison gas)]
  1689 | D:2      | Succumbed to their own poison gas

Levels and vault maps discovered:
D:1:      spicycebolla_arrival_risky_transporter, layout_basic,
          minmay_misc_feat_five
D:2:      wander_river, layout_basic, nicolae_figureground_pulse
D:3:      layout_basic, lemuel_doored_altar

Skill      XL: |  1  2  3 |
---------------+----------+-----
Dodging        | 3 4 |  4.1
Ranged Weapons | 5 |  5.0
Fighting       | |  1.5
Stealth        | |  1.5

Action                     |  1- 3 |  4- 6 || total
---------------------------+-------+-------++-------
   Fire: Shortbow          |   118 |     3 ||   121
    Use: Scroll            |     2 |     4 ||     6
         Potion            |     1 |       ||     1
 Armour: Robe              |    13 |       ||    13
  Dodge: Dodged            |    60 |       ||    60

Table legend:
 A = Non-vault XP
 B = Vault XP
 C = Vault XP percentage of total XP
 D = Non-vault monster count
 E = Vault monster count
 F = Vault count percentage of total count
                 A         B        C        D         E       F
            +---------+---------+-------+---------+---------+-------
      Total |      99 |       0 |   0.0 |      44 |       0 |   0.0
            +---------+---------+-------+---------+---------+-------
        D:1 |      48 |       0 |   0.0 |      29 |       0 |   0.0
        D:2 |      51 |       0 |   0.0 |      15 |       0 |   0.0
            +---------+---------+-------+---------+---------+-------
